 Dungeon Crawl Stone Soup version 0.28.0-1-gb440e238dd (webtiles) character file.

Game seed: 2942036013516381480

1330 mopl the Poker (level 8, -2/55 (65) HPs)
             Began as a Palentonga Gladiator on Feb 20, 2022.
             Slain by a wight (6 damage)
             ... on level 5 of the Dungeon.
             The game lasted 00:05:41 (5622 turns).

mopl the Poker (Palentonga Gladiator)               Turns: 5622, Time: 00:05:42

HP:   -2/55 (65)    AC: 19    Str: 22    XL:     8   Next: 34%
MP:   8/8           EV:  6    Int:  8    God:
Gold: 188           SH:  0    Dex: 18    Spells: 7/7 levels left

rFire   + . .      SeeInvis +   p - +3 quarterstaff of Vuhogan {speed, rF+}
rCold   . . .      Faith    .   (shield currently unavailable)
rNeg    . . .      Spirit   .   q - +0 plate armour
rPois   .          Reflect  .   c - +0 helmet
rElec   .          Harm     .   A - +0 cloak of the Gloaming {Fly Str+2}
rCorr   .          Rampage  .   y - +0 pair of gloves
Will    .....                   (no barding)
Stlth   ..........              (no amulet)
HPRegen 0.18/turn               i - +6 ring of dexterity
MPRegen 0.11/turn               (no ring)

@: flying, heavily drained, curled up
A: large, rugged brown scales 3, see invisible, deformed body, roll 1, armoured
tail, reflexive curl
a: Rolling Charge


You were on level 5 of the Dungeon.
You visited 1 branch of the dungeon, and saw 6 of its levels.

You collected 188 gold pieces.

Inventory:

Hand Weapons
 a - a +0 trident
 p - the +3 quarterstaff of Vuhogan (weapon) {speed, rF+}
   (You took it off a hobgoblin on level 2 of the Dungeon)

   Attacks with this weapon are significantly faster.
   rF:        It protects you from fire.
Missiles
 d - 3 throwing nets (quivered)
 e - 6 poisoned darts
Armour
 c - a +0 helmet (worn)
 q - a +0 plate armour (worn)
 y - a +0 pair of gloves (worn)
 A - the +0 cloak of the Gloaming (worn) {Fly Str+2}
   (You found it on level 5 of the Dungeon)

   Str:       It affects your strength (+2).
   Fly:       It grants you flight.
Jewellery
 i - a +6 ring of dexterity (left hand)
Wands
 w - a wand of polymorph (2)
Scrolls
 b - a scroll of teleportation {unknown}
 f - a scroll of blinking {unknown}
 g - 2 scrolls of amnesia {unknown}
 h - a scroll of noise {unknown}
 k - a scroll of magic mapping {unknown}
 l - 2 scrolls of immolation {unknown}
 m - 4 scrolls of identify {unknown}
 r - a scroll of silence {unknown}
 u - 3 scrolls of vulnerability {unknown}
Potions
 j - 3 potions of curing
 n - 2 potions of mutation {unknown}
 o - a potion of resistance {unknown}
 s - a potion of lignification {unknown}
 t - 3 potions of flight {unknown}
 v - a potion of berserk rage {unknown}
 x - a potion of might {unknown}
 z - a potion of heal wounds {unknown}


   Skills:
 + Level 4.5 Fighting
 * Level 6.0 Polearms
 + Level 3.3 Throwing
 + Level 3.2 Armour
 + Level 4.2 Dodging


You had 7 spell levels left.
You didn't know any spells.
Your spell library was empty.

Dungeon Overview and Level Annotations

Branches:
Dungeon (6/15)
 Temple: D:4-7

Altars:
Ashenzari
Elyvilon

Shops:
D:5 :

Annotations:
D:4 3 runed translucent doors, Crownlay's ghost, amateur HOFi


Innate Abilities, Weirdness & Mutations

You are completely covered in rugged brown scales. (AC +3, +7% HP)
You have supernaturally acute eyesight. (SInv)
Armour fits poorly on your strangely shaped body.
You can roll at nearby foes to attack.
You have a long armoured tail.
You curl defensively after being hit. (AC +7*)


Message History

You fly upwards.
There is a stone staircase leading down here.
You closely miss the wight.
The wight hits you with a +5 short sword of freezing.
You feel drained. The wight freezes you. The wight hits you with a +0 hand axe.
You hit the wight.
The wight is lightly damaged.
You hit the wight.
The wight is moderately damaged.
The wight hits you with a +5 short sword of freezing.
You feel drained. The wight freezes you. The wight hits you but does no damage.
You hit the wight.
The wight is heavily damaged.
The wight hits you with a +5 short sword of freezing.
The wight freezes you. The wight closely misses you.
You are too injured to fight recklessly!
You are too injured to fight recklessly!
You barely miss the wight.
The wight is heavily damaged.
You closely miss the wight.
The wight is heavily damaged.
The wight hits you with a +5 short sword of freezing.
You feel drained. The wight freezes you. The wight hits you with a +0 hand axe.
* * * LOW HITPOINT WARNING * * *
You closely miss the wight.
The wight is heavily damaged.
The wight hits you with a +5 short sword of freezing!
* * * LOW HITPOINT WARNING * * *
You feel drained.
* * * LOW HITPOINT WARNING * * *
The wight freezes you.
* * * LOW HITPOINT WARNING * * *
The wight hits you with a +0 hand axe.
* * * LOW HITPOINT WARNING * * *
You hit the wight but do no damage. The wight closely misses you.
You closely miss the wight.
The wight is moderately damaged.
The wight hits you with a +5 short sword of freezing.
You die...

################# #####
#.....##........# #...# #
#####.###.##........# #...# #
.......##.##........# #...#####
.>.....##.......@.### #...##...
...........######z#######...##.##
........##.#.....z......#...##.##
......[.#....#..........#...##.##
.......>.....#≈..................
........#....#≈≈........#...##.##
........#....#8≈........#...##.##
.####.#.#....#≈≈........#...##...
......#.#....#≈.........######...


You could see 2 wights.

Vanquished Creatures
  A steam dragon (D:6)
  2 ogres
  A necrophage (D:6)
  A centaur (D:6)
  A phantom (D:5)
  A scorpion (D:5)
  A water moccasin zombie (D:5)
  A wight (D:5)
  A centaur zombie (D:4)
  A hound (D:4)
  An orc priest (D:5)
  2 jellies
  3 iguanas
  Natasha (thrice) (D:4)
  2 scorpion zombies (D:5)
  A hound skeleton (D:4)
  6 gnolls
  5 adders
  4 river rats
  A shadow imp (D:5)
  3 white imps
  An ufetubus (D:6)
  4 worms
  3 dart slugs
  6 orcs
  5 bats
  6 endoplasms
  A giant cockroach (D:4)
  8 goblins
  8 hobgoblins
  4 kobolds
  4 ball pythons
  3 frilled lizards
  3 rats
98 creatures vanquished.

Vanquished Creatures (others)
  8 plants (D:5)
8 creatures vanquished.

Grand Total: 106 creatures vanquished

Notes
Turn   | Place    | Note
-------+----------+-------------------------------------------
     0 | D:1      | mopl the Palentonga Gladiator began the quest for the Orb.
     0 | D:1      | Reached XP level 1. HP: 17/17 MP: 1/1
   429 | D:1      | Reached XP level 2. HP: 23/23 MP: 2/2
   474 | D:1      | Reached skill level 3 in Polearms
   800 | D:2      | Reached XP level 3. HP: 20/28 MP: 3/3
   924 | D:2      | Identified the +3 quarterstaff of Vuhogan {speed, rF+}
  1594 | D:3      | Reached XP level 4. HP: 24/36 MP: 4/4
  1595 | D:3      | Reached skill level 1 in Armour
  2117 | D:4      | Noticed Natasha
  2121 | D:4      | Killed Natasha
  2122 | D:4      | Reached skill level 2 in Throwing
  2273 | D:4      | Reached XP level 5. HP: 41/41 MP: 5/5
  2287 | D:4      | Noticed Natasha
  2295 | D:4      | Killed Natasha
  2296 | D:4      | Reached skill level 3 in Dodging
  2325 | D:4      | Noticed Natasha
  2332 | D:4      | Killed Natasha
  2333 | D:4      | Reached skill level 3 in Fighting
  2333 | D:4      | Reached skill level 4 in Polearms
  2339 | D:4      | Found a runed translucent gate.
  2422 | D:4      | Found a runed translucent gate.
  2423 | D:4      | Found a runed translucent gate.
  2423 | D:4      | Noticed Crownlay's ghost (amateur HOFi)
  2554 | D:4      | Noticed an ogre
  2559 | D:4      | Reached XP level 6. HP: 41/50 MP: 6/6
  3083 | D:5      | Entered Level 5 of the Dungeon
  3089 | D:5      | Reached skill level 2 in Armour
  3138 | D:5      | Found a broken altar of Ashenzari.
  3174 | D:5      | Gained mutation: You curl defensively after being hit. (AC
                  | +7*) [Palentonga growth]
  3174 | D:5      | Reached XP level 7. HP: 47/55 MP: 7/7
  3217 | D:4      | HP: 1/55 [iguana (11)]
  3526 | D:4      | Reached skill level 5 in Polearms
  3630 | D:5      | Found a white marble altar of Elyvilon.
  4018 | D:6      | HP: 2/56 [adder (4)]
  4029 | D:6      | Noticed a steam dragon
  4310 | D:6      | Killed a steam dragon
  4311 | D:6      | Reached skill level 4 in Fighting
  4311 | D:6      | Reached skill level 3 in Throwing
  4311 | D:6      | Reached skill level 4 in Dodging
  4462 | D:6      | Reached XP level 8. HP: 48/64 MP: 8/8
  4575 | D:6      | HP: 3/64 [orc (7)]
  4577 | D:6      | HP: 1/64 [orc (2)]
  4734 | D:6      | Reached skill level 3 in Armour
  5093 | D:5      | Found Cuchasel's Book Boutique.
  5246 | D:5      | Identified the +0 cloak of the Gloaming {Fly Str+2}
  5538 | D:5      | Reached skill level 6 in Polearms
  5609 | D:5      | HP: 2/55 [wight (4)]
  5622 | D:5      | Slain by a wight

Illustrated notes

Levels and vault maps discovered:
D:1:      beargit_arrival_greenhouse, layout_rooms, minmay_pentomino_q2
D:2:      layout_basic
D:3:      layout_rooms, corexii_shack, dk_noncrumbling_4
D:4:      layout_rooms, ebering_ghost_rock_garden, uniq_natasha
D:5:      wad_woods_stonehenge, layout_basic, kennysheep_mini_moat,
          serial_shops, nicolae_shop_window_shopping, moated_statue
D:6:      minmay_angry_zag, layout_gridville, temple_statues,
          kennysheep_generic_room_3

Skill      XL: |  1  2  3  4  5  6  7  8 |
---------------+-------------------------+-----
Polearms       | 3 4 5 6 |  6.0
Armour         | 1 2 3 |  3.2
Throwing       | 2 3 |  3.3
Dodging        | 3 4 |  4.2
Fighting       | 3 4 |  4.5

Action                   |  1- 3 |  4- 6 |  7- 9 || total
-------------------------+-------+-------+-------++-------
Melee: Trident           |    84 |       |       ||    84
       Tailslap          |    17 |    16 |    32 ||    65
       Quarterstaff      |    16 |    89 |   154 ||   259
  Use: Potion            |       |       |     1 ||     1
Armor: Leather armour    |    42 |       |       ||    42
       Plate armour      |     5 |    37 |   105 ||   147
Dodge: Dodged            |    42 |    12 |    53 ||   107
